 Dungeon Crawl Stone Soup version 0.22.0-60-ga52c2fc (webtiles) character file.

2035 Anon1729 the Cleaver (level 9, -3/118 HPs)
             Began as a Naga Gladiator on Sept 9, 2018.
             Was a Follower of Uskayaw.
             Slain by Harold
             ... wielding a +2 flail of protection
              (10 damage)
             ... on level 7 of the Dungeon.
             The game lasted 00:13:22 (7929 turns).

Anon1729 the Cleaver (Naga Gladiator)               Turns: 7929, Time: 00:13:23

Health: -3/118     AC: 24    Str: 16    XL:     9   Next: 24%
Magic:  4/10       EV:  1    Int: 12    God:    Uskayaw [*.....]
Gold:   186        SH:  0    Dex: 13    Spells: 8/8 levels left

rFire    . . .     SeeInvis +   H - +3 battleaxe (freeze)
rCold    . . .     Gourm    .   (shield currently unavailable)
rNeg     + + +     Faith    .   (armour currently unavailable)
rPois    +         Spirit   .   (helmet currently unavailable)
rElec    .         Reflect  .   (cloak currently unavailable)
rCorr    .         Harm     .   (gloves currently unavailable)
MR       +....     NoTele   +   (no barding)
Stlth    ++........             g - amulet of rage
HPRegen  0.29/turn              (no ring)
MPRegen  0.12/turn              (no ring)

@: short of breath, tree-form, berserk cooldown, slowed, very slow
A: large, see invisible, slow metabolism 1, spit poison 1, AC +3
a: Spit Poison, Stomp, Renounce Religion, Evoke Berserk Rage


You were on level 7 of the Dungeon.
You worshipped Uskayaw.
Uskayaw was noncommittal.
You were very hungry.
You were a tree.
You visited 2 branches of the dungeon, and saw 8 of its levels.

You collected 266 gold pieces.
You spent 80 gold pieces at shops.

Inventory:

Hand Weapons
 a - a +0 war axe
 H - a +3 battleaxe of freezing (weapon)
 I - a +3 hand axe of freezing
Missiles
 d - 3 throwing nets (quivered)
Armour
 b - a +0 leather armour
 c - a +0 helmet (melded)
 p - a +0 chain mail (melded)
 w - a +0 pair of gloves (melded)
 x - a +1 cloak (melded)
 G - a +0 ring mail of fire resistance
Jewellery
 g - an amulet of rage (around neck)
 D - an uncursed ring of magical power {unknown}
Wands
 B - a wand of flame (62)
 F - a wand of disintegration (5)
 L - a wand of scattershot (6)
Scrolls
 e - 3 scrolls of remove curse {unknown}
 j - 2 scrolls of immolation {unknown}
 k - 15 scrolls of identify {unknown}
 l - 3 scrolls of teleportation {unknown}
 r - 2 scrolls of fear {unknown}
 s - 2 scrolls of noise {unknown}
 y - a scroll of blinking {unknown}
 z - a scroll of enchant armour {unknown}
 A - a scroll of enchant weapon {unknown}
 E - a scroll of fog {unknown}
 J - a scroll of magic mapping {unknown}
Potions
 h - a potion of mutation {unknown}
 i - 2 potions of cancellation {unknown}
 m - a potion of lignification
 n - 6 potions of curing
 o - 2 potions of brilliance {unknown}
 q - a potion of haste {unknown}
 t - a potion of heal wounds {unknown}
 u - a potion of agility {unknown}
 v - a potion of flight {unknown}
 C - a potion of berserk rage {unknown}
 M - 2 potions of invisibility {unknown}
Comestibles
 f - 12 rations


   Skills:
 + Level 4.7 Fighting
 * Level 9.9 Axes
 + Level 1.9 Throwing
 + Level 3.6 Armour
 + Level 2.9 Dodging
 + Level 1.7 Stealth
 + Level 1.4 Evocations


You had 8 spell levels left.
You didn't know any spells.
Your spell library was empty.

Dungeon Overview and Level Annotations

Branches:
Dungeon (7/15)             Temple (1/1) D:6

Altars:
Ashenzari
Cheibriados
Dithmenos
Elyvilon
Gozag
Hepliaklqana
Kikubaaqudgha
Makhleb
Nemelex Xobeh
Okawaru
Qazlal
Ru
Sif Muna
Trog
Uskayaw
Vehumet
Wu Jian
Yredelemnul
Zin
The Shining One

Shops:
D:6 [!:

Annotations:
D:7 Harold


Innate Abilities, Weirdness & Mutations

You cannot wear boots.
((Your serpentine skin is tough. (AC +3)))
You have supernaturally acute eyesight. (SInv)
((Armour fits poorly on your strangely shaped body.))
((Your system is resistant to poisons. (rPois)))
((You cover ground very slowly.))
You have a slow metabolism.
You can spit poison.


Message History

Aim: Harold, wielding a flail of protection and wearing a glowing chain mail The splash of poison hits Harold.
Harold is severely wounded.
You feel slightly more hungry. Harold hits you but does no damage.
You can now stomp with the beat.
Okay, then.
Unknown command.
You turn into a tree.
Your +1 cloak melds into your body.
Your +0 helmet melds into your body.
Your +0 pair of gloves melds into your body.
Your +0 chain mail melds into your body.
Your roots penetrate the ground.
Harold hits you with a flail of protection!
* * * LOW HITPOINT WARNING * * *
You barely miss Harold.
Harold is severely wounded.
Harold hits you with a flail of protection.
* * * LOW HITPOINT WARNING * * *
Harold hits you with a flail of protection!
You die...

.###.......##.#
...........##.#######
..###.................
.........##.##.#######
.#####.###.##.#
#.###.##.#
###.#.##.##.#
..###@..##.#
###.#♣#####.. #.## #.#
#...$>... .$.......
##########


You could see Harold.

Vanquished Creatures
  An ice beast (D:5)
  An orc warrior (D:5)
  An ogre (D:5)
  2 centaurs (D:5)
  3 bullfrogs (D:6)
  A scorpion (D:6)
  4 wights (D:6)
  2 howler monkeys
  3 crimson imps
  A bullfrog zombie (D:6)
  A jelly (D:6)
  4 hounds
  A quasit (D:6)
  A bullfrog skeleton (D:5)
  2 orc priests (D:4)
  Crazy Yiuf (D:3)
  4 orc wizards
  An iguana (D:5)
  Terence (D:2)
  Natasha (twice) (D:2)
  5 worker ants
  A killer bee zombie (D:6)
  A hound skeleton (D:6)
  A worker ant zombie (D:6)
  4 gnolls
  9 adders
  2 river rats (D:3)
  A shadow imp (D:6)
  2 oozes
  An adder skeleton (D:5)
  4 worms
  2 dart slugs
  3 leopard geckos
  29 orcs
  3 ball pythons
  9 bats
  8 giant cockroaches
  5 goblins
  8 hobgoblins
  17 jackals
  9 kobolds
  5 quokkas
  4 frilled lizards
  A jackal zombie (D:5)
  A leopard gecko zombie (D:6)
  11 rats
183 creatures vanquished.

Notes
Turn   | Place    | Note
-------+----------+-------------------------------------------
     0 | D:1      | Anon1729 the Naga Gladiator began the quest for the Orb.
     0 | D:1      | Reached XP level 1. HP: 19/19 MP: 1/1
   358 | D:1      | Reached XP level 2. HP: 22/26 MP: 2/2
   387 | D:1      | Reached XP level 3. HP: 3/32 MP: 3/3
  1334 | D:2      | Reached skill level 4 in Axes
  1335 | D:2      | Reached XP level 4. HP: 32/39 MP: 4/4
  1671 | D:2      | Noticed Terence
  1673 | D:2      | Reached skill level 1 in Armour
  1681 | D:2      | Killed Terence
  1681 | D:2      | Reached XP level 5. HP: 39/45 MP: 5/5
  1818 | D:2      | Reached skill level 5 in Axes
  1901 | D:2      | Noticed Natasha
  1906 | D:2      | Killed Natasha
  2256 | D:2      | Noticed Natasha
  2264 | D:2      | Killed Natasha
  2442 | D:3      | Reached XP level 6. HP: 39/54 MP: 6/6
  2832 | D:3      | Found a runed door.
  2861 | D:3      | Noticed Crazy Yiuf
  2864 | D:3      | Killed Crazy Yiuf
  2943 | D:3      | Found a glowing drain.
  3398 | D:3      | Reached skill level 6 in Axes
  3825 | D:4      | Found a radiant altar of Vehumet.
  3870 | D:4      | Reached XP level 7. HP: 27/62 MP: 7/7
  4464 | D:4      | Found a basalt altar of Yredelemnul.
  4564 | D:4      | Found a glowing golden altar of the Shining One.
  4986 | D:5      | Entered Level 5 of the Dungeon
  5019 | D:5      | Reached skill level 7 in Axes
  5461 | D:5      | Reached skill level 1 in Evocations
  5461 | D:5      | Reached XP level 8. HP: 70/70 MP: 8/8
  5592 | D:5      | Reached skill level 8 in Axes
  5657 | D:5      | Found a faded altar of an unknown god.
  5657 | D:5      | Found an iron altar of Okawaru.
  5662 | D:5      | Found an ornate altar of the Wu Jian Council.
  5664 | D:5      | Found a faded altar of an unknown god.
  5666 | D:5      | Found a shadowy altar of Dithmenos.
  6767 | D:6      | Reached skill level 9 in Axes
  6985 | D:6      | Found a staircase to the Ecumenical Temple.
  7008 | Temple   | Entered the Ecumenical Temple
  7226 | Temple   | Became a worshipper of Uskayaw the Reveler
  7272 | D:6      | Reached * piety under Uskayaw
  7276 | D:6      | Reached ** piety under Uskayaw
  7278 | D:6      | Reached *** piety under Uskayaw
  7279 | D:6      | Reached XP level 9. HP: 79/79 MP: 8/10
  7279 | D:6      | Reached **** piety under Uskayaw
  7537 | D:6      | Found Vuusuoty's Book Shoppe.
  7579 | D:6      | Found Pisain's Distillery.
  7588 | D:6      | Reached skill level 1 in Stealth
  7635 | D:6      | Bought a potion of lignification for 30 gold pieces
  7635 | D:6      | Bought a potion of curing for 30 gold pieces
  7635 | D:6      | Bought 2 potions of degeneration for 20 gold pieces
  7786 | D:6      | Found Ykiaxoha's Armour Emporium.
  7915 | D:7      | Noticed Harold
  7929 | D:7      | Slain by Harold

Skill      XL: |  1  2  3  4  5  6  7  8  9 |
---------------+----------------------------+-----
Axes           | 4 5 6 7 9 |  9.9
Armour         | 1 2 3 |  3.6
Fighting       | 3 4 |  4.7
Evocations     | 1 |  1.4
Stealth        | 1 |  1.7
Throwing       | |  1.9
Dodging        | |  2.9

Action                   |  1- 3 |  4- 6 |  7- 9 || total
-------------------------+-------+-------+-------++-------
Melee: War axe           |    66 |   247 |   230 ||   543
       Battleaxe         |       |       |    53 ||    53
Invok: Stomp             |       |       |     1 ||     1
       Line Pass         |       |       |     1 ||     1
 Abil: Spit Poison       |     4 |     5 |     9 ||    18
       Evoke Berserk Rag |     1 |     2 |     7 ||    10
Evoke: Wand              |       |       |     1 ||     1
  Use: Potion            |       |       |     1 ||     1
 Stab: Paralysed         |       |       |     3 ||     3
  Eat: Chunk             |       |    10 |    14 ||    24
       Ration            |       |       |     1 ||     1
Armor: Leather armour    |    30 |     8 |       ||    38
       Chain mail        |       |   195 |   230 ||   425
Dodge: Dodged            |    62 |    87 |   109 ||   258
